 Dungeon Crawl Stone Soup version 0.32-a0-699-g1ee5eff69a (webtiles) character file.

Game seed: 6382610428380620136

47 Alarak the Ruffian (level 3, -3/27 HPs)
             Began as a Djinni Shapeshifter on Mar 13, 2024.
             Slain by Terence
             ... wielding a +1 hand axe of distortion
              (6 damage)
             ... on level 3 of the Dungeon.
             The game lasted 00:01:56 (1339 turns).

Alarak the Ruffian (Djinni Shapeshifter)            Turns: 1339, Time: 00:01:56

Health: -3/27      AC:  2    Str: 13    XL:     3   Next: 97%
Gold:   63         EV: 11    Int: 19    God:
                   SH:  0    Dex: 12

rFire   + +          .
                       - Unarmed
rCold   x . .        (no shield)
rNeg    . . .        a - +0 animal skin
rPois   ∞            (helmet currently unavailable)
rElec   .            (cloak currently unavailable)
rCorr   .            (gloves currently unavailable)
SInv    .            (boots unavailable)
Will    .....        (no amulet)
Stlth   +            g - +6 ring of intelligence
HPRegen 0.24/turn    (no ring)
MPRegen 0.00/turn

%: infuse magic (-4 HP)
@: beast-form, flying
A: beast (slay +1), flying, sickness immunity, fire resistance 2, cold
vulnerability 1, float, innate caster, HP casting, extra vitality 1
a: Begin Untransformation


You were on level 3 of the Dungeon.
You were a hulking beast.
You visited 1 branch of the dungeon, and saw 3 of its levels.

You collected 63 gold pieces.

Inventory:

Armour
 a - a +0 animal skin (worn)
 h - a +0 chain mail
Jewellery
 g - a +6 ring of intelligence (left hand)
 m - a ring of resist corrosion
Talismans
 c - a beast talisman (active)
 d - a flux talisman
Scrolls
 e - a scroll of enchant armour {unknown}
 i - 2 scrolls of teleportation {unknown}
 k - a scroll of immolation {unknown}
Potions
 b - a potion of lignification
 f - 4 potions of heal wounds {unknown}
 j - a potion of brilliance {unknown}
 l - a potion of berserk rage {unknown}


   Skills:
 - Level 1.0 Fighting
 - Level 2.1 Dodging
 + Level 4.5 Unarmed Combat
 - Level 2.6 Shapeshifting


You knew the following spells:

 Your Spells              Type           Power      Damage    Failure   Level
a - Shock                 Conj/Air       0%         1d3       21%         1
Your spell library was empty.

Dungeon Overview and Level Annotations

Branches:
Dungeon (3/15)

Altars:
Yredelemnul

Annotations:
D:3 Terence


Innate Abilities, Weirdness & Mutations

You are a hulking beast.
Your limbs bulge with bestial killing power. (Slay +1)
You are flying.
You are immune to sickness and miasma.
You are immune to poison.
Your flesh is very heat resistant. (rF++)
You are vulnerable to cold. (rC-)
You float through the air rather than walking.
You learn spells naturally, not from books.
Your magical power is your life essence.
You have superior vitality. (+4 MHP)


Message History

No target in view!
No target in view!
No target in view!
No target in view!
No target in view!
No target in view!
No target in view!
No target in view!
No target in view!
HP restored.
Found a dagger.
There is a stone staircase leading down here.
Terence the Incautious comes into view.
He is wielding a +1 hand axe of distortion and carrying a wand of warping.
Terence closely misses you.
You hit Terence.
Terence is lightly wounded.
You hit Terence.
Terence is moderately wounded.
Terence hits you with a +1 hand axe of distortion.
You hit Terence.
Terence is moderately wounded.
Terence closely misses you.
You closely miss Terence.
Terence is moderately wounded.
Terence hits you with a +1 hand axe of distortion.
Space warps horribly around you!
Unknown command.
You are too injured to fight recklessly!
You punch Terence!
Terence is severely wounded.
Terence closely misses you.
You hit Terence but do no damage.
Terence is severely wounded.
Terence hits you with a +1 hand axe of distortion!
* * * LOW HITPOINT WARNING * * *
You hit Terence.
Terence is almost dead.
Terence hits you with a +1 hand axe of distortion.
You die...
Terence says, "That felt goooood."

#..........#######.
#..................
#..........#######.
#).........#
######.##### #.#
#.## #..# ##h# #@#
#.# #.# #.# #.. ###


You could see Terence.

Vanquished Creatures
  An adder (D:2)
  A dart slug (D:1)
  6 bats
  An endoplasm (D:1)
  5 hobgoblins
  3 jackals (D:2)
  3 kobolds
  A quokka (D:2)
  5 ball pythons
  A frilled lizard (D:2)
  2 goblins
  4 rats
33 creatures vanquished.

Notes
Turn   | Place    | Note
-------+----------+-------------------------------------------
     0 | D:1      | Alarak the Djinni Shapeshifter began the quest for the Orb.
     0 | D:1      | Reached XP level 1. HP: 17/17 MP: 0/0
   232 | D:1      | Reached XP level 2. HP: 21/22 MP: 0/0
   852 | D:2      | Reached skill level 4 in Unarmed Combat
   852 | D:2      | Reached XP level 3. HP: 27/27 MP: 0/0
   852 | D:2      | Learned a level 1 spell: Shock
   985 | D:2      | Found a basalt altar of Yredelemnul.
  1329 | D:3      | Noticed Terence
  1339 | D:3      | Slain by Terence

Illustrated notes

Levels and vault maps discovered:
D:1:      scummos_arrival_gate, layout_loops_ring,
          nicolae_twisty_statue_hallways
D:2:      layout_rooms, basic_altar
D:3:      layout_rooms, mainiacjoe_overflow_six_doors_small,
          lexackson_kobold_supper, uniq_terence

Skill      XL: |  1  2 |
---------------+-------+-----
Unarmed Combat | 4 |  4.5
Fighting       | |  1.0
Dodging        | |  2.1
Shapeshifting  | |  2.6

Action                     || total
---------------------------++-------
  Melee: Unarmed           ||    81
 Armour: Animal skin       ||    51
  Dodge: Dodged            ||    54

Table legend: (Time is in decaauts)
 A = Elapsed time spent in this place.
 B = Non-inter-level travel time spent in this place.
 C = Inter-level travel time spent in this place.
 D = Time resting spent in this place.
 E = Time spent auto-exploring this place.
 F = Levels seen in this place.
 G = Mean time per level.
                   A        B        C        D        E       F      G
               +--------+--------+--------+--------+--------+-----+--------+
         Total |   1332 |   1187 |    145 |      0 |   1022 |   3 |  444.0 |
       Dungeon |   1332 |   1187 |    145 |      0 |   1022 |   3 |  444.0 |
               +--------+--------+--------+--------+--------+-----+--------+

Top non-repeatable levels by time:
     D:1: 774 daAuts
     D:2: 523 daAuts
     D:3: 34 daAuts
